 Dungeon Crawl Stone Soup version 0.19.5 (webtiles) character file.

132 grindst0ne the Skirmisher (level 4, -1/42 HPs)
             Began as a Draconian Berserker on May 2, 2017.
             Was a Believer of Trog.
             Succumbed to a kobold's poison
             ... on level 2 of the Dungeon.
             The game lasted 00:05:59 (2040 turns).

grindst0ne the Skirmisher (Draconian Berserker)     Turns: 2040, Time: 00:06:00

Health: -1/42      AC:  5    Str: 19    XL:     4   Next: 92%
Magic:  4/4        EV: 12    Int:  8    God:    Trog [**....]
Gold:   121        SH:  0    Dex: 11    Spells: 0 memorised, 3 levels left

rFire  . . .     SeeInvis .     o - +0 war axe
rCold  . . .     Gourm    .     (armour unavailable)
rNeg   . . .     Faith    .     (no shield)
rPois  .         Spirit   .     (helmet restricted)
rElec  .         Reflect  .     (no cloak)
rCorr  .         Harm     .     (no gloves)
MR     .....                    (no boots)
Stlth  +.........               (no amulet)
                                (no ring)
                                (no ring)

@: lethally poisoned (-1 -> -24), exhausted
A: unfitting armour, cold-blooded, AC +5
a: Berserk, Trog's Hand, Burn Spellbooks, Renounce Religion


You were on level 2 of the Dungeon.
You worshipped Trog.
Trog was pleased with you.
You were not hungry.

You visited 1 branch of the dungeon, and saw 3 of its levels.

You collected 121 gold pieces.

Inventory:

Hand Weapons
 a - a +0 hand axe
 o - a +0 war axe (weapon)
Jewellery
 h - an uncursed ring of protection from fire {unknown}
 n - a cursed ring of loudness {unknown}
Scrolls
 c - 2 scrolls of remove curse {unknown}
 d - 2 scrolls of enchant armour {unknown}
 f - 3 scrolls of identify {unknown}
 i - a scroll of teleportation {unknown}
 j - a scroll of fear {unknown}
 m - a scroll of enchant weapon {unknown}
 p - a scroll of blinking {unknown}
 q - a scroll of recharging {unknown}
Comestibles
 b - 3 bread rations
 g - a meat ration
 k - 5 chunks of flesh


   Skills:
 + Level 5.1 Fighting
 + Level 4.3 Axes
 - Level 2.7 Dodging


You had 3 spell levels left.
You didn't know any spells.

Dungeon Overview and Level Annotations

Branches:
Dungeon (3/15)

Altars:
Okawaru

Annotations:
D:3 grindst0ne's ghost, amateur MiAK


Innate Abilities, Weirdness & Mutations

Your plain brown scales are hard. (AC +5)
You cannot fit into any form of body armour.
You are cold-blooded and may be slowed by cold attacks.


Message History

The kobold hits you with a dagger of venom.
* * * LOW HITPOINT WARNING * * *
You are more poisoned.
It was a potion of cancellation.
Your magical effects are unravelling.
You feel magically purged.
You feel yourself speed up.
* * * LOW HITPOINT WARNING * * *
You feel very sick. The kobold barely misses you.
You closely miss the kobold.
Your tail-slap misses the kobold.
* * * LOW HITPOINT WARNING * * *
You feel sick. The kobold misses you.
You closely miss the kobold.
* * * LOW HITPOINT WARNING * * *
You feel sick. The kobold completely misses you.
The kobold hits you but does no damage.
You are more poisoned.
You closely miss the kobold.
You die...

######..# #....(.......# #### #
#..# #<#.##.#####.# ##... # #..#
#.#.##.# #.###.... # #..#
#.#(##.#####........ # #..#
##.#.#.(.....####.... #
###..#####.........##.#####>..
####<............................
.....#...........K.........####..
..####.#####....@#...###.#.# #..
#.# #.# ##....#>#####.#.# #.. #.#
#.# #.....K......#.# #.. #.#
#.######...##.####.##.####.. #.#
#..........##.# #.......... #.#
########).###.# #..#.####.# #.#
#..# #.# #..#.##.... #.# #..#
#.## #..#.##.### #.# #..#
#..###..#....# #


You could see a kobold.

Vanquished Creatures
  2 orc priests (D:3)
  2 adders (D:2)
  2 worms (D:2)
  2 leopard geckos (D:3)
  3 orcs (D:3)
  3 bats
  3 giant cockroaches (D:1)
  7 goblins
  2 hobgoblins (D:1)
  2 jackals (D:1)
  9 kobolds
  A frilled lizard (D:3)
  7 rats
45 creatures vanquished.

Notes
Turn   | Place    | Note
-------+----------+-------------------------------------------
     0 | D:1      | grindst0ne the Draconian Berserker began the quest for the Orb.
     0 | D:1      | Reached XP level 1. HP: 19/19 MP: 1/1
   294 | D:1      | Reached XP level 2. HP: 24/26 MP: 2/2
  1306 | D:2      | Reached skill level 4 in Fighting
  1320 | D:2      | Reached XP level 3. HP: 33/33 MP: 3/3
  1475 | D:2      | Found an iron altar of Okawaru.
  1545 | D:2      | Reached ** piety under Trog
  1897 | D:3      | Reached XP level 4. HP: 41/41 MP: 4/4
  1901 | D:3      | Reached skill level 5 in Fighting
  2002 | D:3      | Noticed grindst0ne's ghost (amateur MiAK)
  2039 | D:2      | HP: 1/42 [poisoned by a kobold]
  2040 | D:2      | Succumbed to a kobold's poison

Skill      XL: |  1  2  3  4 |
---------------+-------------+-----
Fighting       | 4 5 |  5.1
Axes           | 4 |  4.3
Dodging        | |  2.7

Action                   |  1- 3 |  4- 6 || total
-------------------------+-------+-------++-------
Melee: Hand axe          |   111 |     3 ||   114
       Tailslap          |    12 |     2 ||    14
       War axe           |       |    22 ||    22
Invok: Berserk           |     3 |     1 ||     4
  Use: Potion            |       |     2 ||     2
 Stab: Sleeping          |     1 |       ||     1
  Eat: Chunk             |     5 |     2 ||     7
Armor: Skin              |    19 |     7 ||    26
Dodge: Dodged            |    63 |    12 ||    75
